TOP OF THE 1ST |
Trenton Stars batting - Pitching for Detroit X-Wings : RHP Júlio Ruíz
|
Pitching: RHP Júlio Ruíz
|
|
Batting: SHB Nick Marshall
|
0-0: Called Strike 0-1: Swinging Strike 0-2: Ball 1-2: Ball 2-2: Ball 3-2: Base on Balls
|
Batting: RHB Felipe Olivas
|
0-0: Called Strike 0-1: Ball 1-1: Ball Nick Marshall steals 2nd base 2-1: Ball 3-1: Base on Balls
|
Batting: LHB Lee Burton
|
0-0: Ball 1-0: Foul Ball, location: 2F 1-1: Called Strike 1-2: Ball 2-2: Foul Ball, location: 2F 2-2: Fly out, F9 (Flyball, 89D) Runner from 2nd tags up, SAFE at 3rd, no throw
|
Batting: LHB Marvin Morris
|
0-0: Called Strike 0-1: Ball 1-1: Ball 2-1: Foul Ball, location: 2F 2-2: Foul Ball, location: 2F 2-2: Strikes out looking
|
Batting: RHB Rafael Canales
|
0-0: SINGLE (Line Drive, 3L) Nick Marshall scores Felipe Olivas to second
|
Batting: RHB Norris Howard
|
0-0: 3-RUN HOME RUN (Flyball, 78XD), Distance : 409 ft
|
Batting: RHB Gabriel Villegas
|
0-0: Ball 1-0: Ball 2-0: Ball 3-0: Called Strike 3-1: Base on Balls
|
Batting: LHB Ju-wei Shiu
|
0-0: Ball 1-0: Ball 2-0: Ball 3-0: Called Strike 3-1: Foul Ball, location: 2F 3-2: Base on Balls Gabriel Villegas to second
|
Batting: RHB José Barajas
|
0-0: Ball 1-0: DOUBLE (Line Drive, 8LM) Gabriel Villegas scores Ju-wei Shiu to third Runner from 3rd tries for Home, SAFE, no throw
|
Batting: SHB Nick Marshall
|
0-0: SINGLE (Groundball, 4MD) José Barajas to third Runner from 3rd tries for Home, SAFE, no throw
|
Batting: RHB Felipe Olivas
|
0-0: Ball Nick Marshall steals 2nd base 1-0: Called Strike 1-1: Ball 2-1: DOUBLE (Line Drive, 8LD) Nick Marshall scores
|
Pitching: RHP Ralph Bascombe
|
|
Batting: LHB Lee Burton
|
0-0: Ball 1-0: Called Strike 1-1: Foul Ball, location: 2F 1-2: Ball 2-2: Ball 3-2: Strikes out swinging
|
Top of the 1st over - 8 run(s), 5 hit(s), 0 error(s), 1 left on base; Trenton 8 - Detroit 0 |
BOTTOM OF THE 1ST |
Detroit X-Wings batting - Pitching for Trenton Stars : RHP Jesús Martínez
|
Pitching: RHP Jesús Martínez
|
|
Batting: RHB Júlio López
|
0-0: Ball 1-0: Ground out 1-3 (Groundball, 13S)
|
Batting: RHB Jaime Contreras
|
0-0: Called Strike 0-1: Ball 1-1: Called Strike 1-2: Foul Ball, location: 2F 1-2: Hit by Pitch
|
Batting: LHB Juan Colón
|
0-0: Ball 1-0: Ball 2-0: Ball 3-0: Called Strike 3-1: Base on Balls Jaime Contreras to second
|
Batting: LHB Juan Jose Pineda
|
0-0: Grounds into double play, 6-4-3 (Groundball, 6)
|
Bottom of the 1st over - 0 run(s), 0 hit(s), 0 error(s), 1 left on base; Trenton 8 - Detroit 0 |
TOP OF THE 2ND |
Trenton Stars batting - Pitching for Detroit X-Wings : RHP Ralph Bascombe
|
Batting: LHB Marvin Morris
|
0-0: Ball 1-0: Called Strike 1-1: Ball 2-1: Foul Ball, location: 2F 2-2: Ball 3-2: Base on Balls
|
Batting: RHB Rafael Canales
|
0-0: Called Strike 0-1: Single, Error in OF, E7, batter to second base Marvin Morris to third
|
Batting: RHB Norris Howard
|
Balk! Marvin Morris scores Rafael Canales to third 0-0: Swinging Strike 0-1: Ball 1-1: Ball 2-1: Foul Ball, location: 2F 2-2: Ball 3-2: Base on Balls
|
Batting: RHB Gabriel Villegas
|
0-0: Ball 1-0: Foul Ball, location: 2F 1-1: Grounds into double play, 5-4-3 (Groundball, 5) Rafael Canales scores
|
Batting: LHB Ju-wei Shiu
|
0-0: Swinging Strike 0-1: SOLO HOME RUN (Flyball, 89XD), Distance : 405 ft
|
Pitching: LHP Clarence Skerratt
|
|
Batting: RHB José Barajas
|
0-0: Ball 1-0: Called Strike 1-1: Ball 2-1: Swinging Strike 2-2: Foul Ball, location: 2F 2-2: Ball 3-2: Base on Balls
|
Batting: SHB Nick Marshall
|
0-0: Called Strike 0-1: 2-RUN HOME RUN (Flyball, 7D), Distance : 369 ft
|
Batting: RHB Felipe Olivas
|
0-0: SINGLE (Line Drive, 8LS)
|
Batting: LHB Lee Burton
|
0-0: Ball 1-0: Ball 2-0: Called Strike 2-1: Ball 3-1: Called Strike 3-2: Foul Ball, location: 2F 3-2: Foul Ball, location: 2F 3-2: Strikes out looking
|
Top of the 2nd over - 5 run(s), 4 hit(s), 1 error(s), 1 left on base; Trenton 13 - Detroit 0 |
BOTTOM OF THE 2ND |
Detroit X-Wings batting - Pitching for Trenton Stars : RHP Jesús Martínez
|
Batting: RHB Keith Sims
|
0-0: Called Strike 0-1: Ball 1-1: Ball 2-1: Ball 3-1: Swinging Strike 3-2: Base on Balls
|
Batting: SHB Javier Jiménez
|
0-0: Called Strike 0-1: Ball 1-1: Fly out, F7 (Line Drive, 7)
|
Batting: RHB Gary Witt
|
0-0: Foul Ball, location: 2F 0-1: SINGLE (Flyball, 9LS) Keith Sims to second Runner from 2nd tries for 3rd, SAFE, no throw
|
Batting: RHB Oliver Acevedo
|
0-0: Foul Ball, location: 2F 0-1: DOUBLE (Flyball, 89D) Keith Sims scores Gary Witt to third
|
Batting: RHB Vincente Encarnación
|
0-0: Called Strike 0-1: Called Strike 0-2: Ball 1-2: Ball 2-2: Strikes out looking
|
Batting: RHB Júlio López
|
0-0: Called Strike 0-1: Ball 1-1: Ball 2-1: Foul Ball, location: 2F 2-2: Foul Ball, location: 2F 2-2: Ground out 5-3 (Groundball, 5)
|
Bottom of the 2nd over - 1 run(s), 2 hit(s), 0 error(s), 2 left on base; Trenton 13 - Detroit 1 |
TOP OF THE 3RD |
Trenton Stars batting - Pitching for Detroit X-Wings : LHP Clarence Skerratt
|
Batting: LHB Marvin Morris
|
0-0: Ball 1-0: Ground out 4-3 (Groundball, 4)
|
Batting: RHB Rafael Canales
|
0-0: Ball 1-0: Reached on error, E6 (Groundball, 56)
|
Batting: RHB Norris Howard
|
0-0: Foul Ball, location: 2F 0-1: Foul Ball, location: 2F 0-2: Ball 1-2: Fly out, F6 (Line Drive, 6)
|
Batting: RHB Gabriel Villegas
|
0-0: Ball 1-0: Called Strike 1-1: Hit by Pitch Rafael Canales to second
|
Batting: LHB Ju-wei Shiu
|
0-0: Called Strike 0-1: Ball 1-1: Called Strike 1-2: Strikes out swinging
|
Top of the 3rd over - 0 run(s), 0 hit(s), 1 error(s), 2 left on base; Trenton 13 - Detroit 1 |
BOTTOM OF THE 3RD |
Detroit X-Wings batting - Pitching for Trenton Stars : RHP Jesús Martínez
|
Batting: RHB Jaime Contreras
|
0-0: Called Strike 0-1: Ball 1-1: Ball 2-1: Ball 3-1: Foul Ball, location: 2F 3-2: SOLO HOME RUN (Flyball, 78XD), Distance : 410 ft
|
Batting: LHB Juan Colón
|
0-0: Called Strike 0-1: Called Strike 0-2: Ball 1-2: Foul Ball, location: 2F 1-2: Strikes out swinging
|
Batting: LHB Juan Jose Pineda
|
0-0: Ball 1-0: Ball 2-0: Ball 3-0: Base on Balls
|
Batting: RHB Keith Sims
|
0-0: Called Strike Juan Jose Pineda steals 2nd base 0-1: Ball 1-1: Ball 2-1: Swinging Strike 2-2: Strikes out swinging
|
Batting: SHB Javier Jiménez
|
0-0: Swinging Strike 0-1: Foul Ball, location: 2F 0-2: Ball 1-2: Foul Ball, location: 2F 1-2: Ball 2-2: Foul Ball, location: 2F 2-2: Ground out U3 (Groundball, 34)
|
Bottom of the 3rd over - 1 run(s), 1 hit(s), 0 error(s), 1 left on base; Trenton 13 - Detroit 2 |
TOP OF THE 4TH |
Trenton Stars batting - Pitching for Detroit X-Wings : LHP Clarence Skerratt
|
Batting: RHB José Barajas
|
0-0: Ball 1-0: Foul Ball, location: 2F 1-1: Ball 2-1: Foul Ball, location: 2F 2-2: Foul Ball, location: 2F 2-2: Foul Ball, location: 2F 2-2: Ball 3-2: Base on Balls
|
Batting: SHB Nick Marshall
|
0-0: SINGLE (Groundball, 34D) José Barajas to second Runner from 2nd tries for 3rd, SAFE, throw made to third
|
Batting: RHB Felipe Olivas
|
0-0: Ball 1-0: Called Strike 1-1: Called Strike 1-2: Foul Ball, location: 2F 1-2: Strikes out swinging
|
Batting: LHB Lee Burton
|
0-0: Hit by Pitch Nick Marshall to second
|
Batting: LHB Marvin Morris
|
0-0: Ball 1-0: Foul Ball, location: 2F 1-1: Ball 2-1: Foul Ball, location: 2F 2-2: Fielders Choice at 2nd, 3-6 (Groundball, 34) José Barajas scores Nick Marshall to third
|
Pitching: RHP Felipe Téllez
|
|
Batting: RHB Rafael Canales
|
0-0: Called Strike 0-1: Called Strike 0-2: Fly out, F6 (Line Drive, 6)
|
Top of the 4th over - 1 run(s), 1 hit(s), 0 error(s), 2 left on base; Trenton 14 - Detroit 2 |
BOTTOM OF THE 4TH |
Detroit X-Wings batting - Pitching for Trenton Stars : RHP Jesús Martínez
|
Batting: RHB Gary Witt
|
0-0: Foul Ball, location: 2F 0-1: Ball 1-1: SINGLE (Flyball, 6MD)
|
Batting: RHB Oliver Acevedo
|
0-0: Swinging Strike 0-1: Fly out, F7 (Flyball, 7)
|
Batting: RHB Vincente Encarnación
|
0-0: Hit by Pitch Gary Witt to second
|
Batting: RHB Júlio López
|
0-0: Ball 1-0: Ball 2-0: Ball 3-0: Called Strike 3-1: SINGLE (Groundball, 6MS) (infield hit) Gary Witt to third Vincente Encarnación to second
|
Batting: RHB Jaime Contreras
|
0-0: Fielders Choice at 2nd, 4-6 (Groundball, 4) Gary Witt scores Vincente Encarnación to third
|
Batting: LHB Juan Colón
|
0-0: Swinging Strike 0-1: Ball 1-1: Ball 2-1: Fly out, F8 (Flyball, 8RM)
|
Bottom of the 4th over - 1 run(s), 2 hit(s), 0 error(s), 2 left on base; Trenton 14 - Detroit 3 |
TOP OF THE 5TH |
Trenton Stars batting - Pitching for Detroit X-Wings : RHP Felipe Téllez
|
Batting: RHB Norris Howard
|
0-0: Ball 1-0: Ball 2-0: Called Strike 2-1: Ball 3-1: SOLO HOME RUN (Flyball, 7D), Distance : 378 ft
|
Batting: RHB Gabriel Villegas
|
0-0: Called Strike 0-1: Ball 1-1: Swinging Strike 1-2: Ball 2-2: Hit by Pitch
|
Batting: LHB Ju-wei Shiu
|
0-0: Swinging Strike 0-1: Swinging Strike 0-2: Ball 1-2: Strikes out swinging
|
Batting: RHB José Barajas
|
0-0: Called Strike 0-1: Called Strike 0-2: Ball 1-2: Strikes out swinging
|
Batting: SHB Nick Marshall
|
0-0: Called Strike 0-1: Called Strike 0-2: Ball 1-2: Ball 2-2: Strikes out swinging
|
Top of the 5th over - 1 run(s), 1 hit(s), 0 error(s), 1 left on base; Trenton 15 - Detroit 3 |
BOTTOM OF THE 5TH |
Detroit X-Wings batting - Pitching for Trenton Stars : RHP Jesús Martínez
|
Batting: LHB Juan Jose Pineda
|
0-0: Foul Ball, location: 2F 0-1: Ball 1-1: Foul Ball, location: 2F 1-2: Ball 2-2: Ground out 4-3 (Groundball, 4)
|
Batting: RHB Keith Sims
|
0-0: Ball 1-0: Ball 2-0: Ball 3-0: Base on Balls
|
Batting: SHB Javier Jiménez
|
0-0: Foul Ball, location: 2F 0-1: Ball Keith Sims steals 2nd base 1-1: Foul Ball, location: 2F 1-2: Ball 2-2: Ball 3-2: Base on Balls
|
Batting: RHB Gary Witt
|
0-0: Called Strike 0-1: Called Strike 0-2: Fly out, F7 (Flyball, 78S)
|
Batting: RHB Oliver Acevedo
|
0-0: Ball 1-0: Called Strike 1-1: Reached on error, E4 (Groundball, 4) Keith Sims to third Javier Jiménez to second
|
Pitching: RHP Bartolo Rodríguez
|
|
Batting: RHB Vincente Encarnación
|
0-0: Fly out, F8 (Flyball, 78S)
|
Bottom of the 5th over - 0 run(s), 0 hit(s), 1 error(s), 3 left on base; Trenton 15 - Detroit 3 |
TOP OF THE 6TH |
Trenton Stars batting - Pitching for Detroit X-Wings : RHP Felipe Téllez
|
Batting: RHB Felipe Olivas
|
0-0: Swinging Strike 0-1: Ball 1-1: SINGLE (Flyball, 78S)
|
Batting: LHB Lee Burton
|
0-0: Ball 1-0: Fly out, F6 (Popup, 6D)
|
Batting: LHB Marvin Morris
|
0-0: Ball 1-0: Ball 2-0: Ball 3-0: Called Strike 3-1: Base on Balls Felipe Olivas to second
|
Batting: RHB Rafael Canales
|
0-0: Foul Ball, location: 2F 0-1: Foul Ball, location: 2F 0-2: Ball 1-2: Ball 2-2: SINGLE (Line Drive, 4MD) Felipe Olivas to third Marvin Morris to second
|
Batting: RHB Norris Howard
|
0-0: Ball 1-0: Ball 2-0: Called Strike 2-1: Ball 3-1: Base on Balls Felipe Olivas scores Marvin Morris to third Rafael Canales to second
|
Pitching: RHP Pat Monroe
|
|
Batting: RHB Gabriel Villegas
|
0-0: Ball 1-0: Swinging Strike 1-1: Swinging Strike 1-2: Ball 2-2: SINGLE (Line Drive, 4D) Marvin Morris scores Rafael Canales to third Norris Howard to second
|
Batting: LHB Ju-wei Shiu
|
0-0: Called Strike 0-1: Foul Ball, location: 2F 0-2: Strikes out looking
|
Batting: RHB José Barajas
|
0-0: Ball 1-0: Fielders Choice at 2nd, 6-4 (Groundball, 6)
|
Top of the 6th over - 2 run(s), 3 hit(s), 0 error(s), 2 left on base; Trenton 17 - Detroit 3 |
BOTTOM OF THE 6TH |
Detroit X-Wings batting - Pitching for Trenton Stars : RHP Bartolo Rodríguez
|
Batting: RHB Júlio López
|
0-0: Ball 1-0: Ground out 2-3 (Groundball, 2L)
|
Batting: RHB Jaime Contreras
|
0-0: Ball 1-0: Fly out, F9 (Flyball, 9S)
|
Batting: LHB Juan Colón
|
0-0: Swinging Strike 0-1: Called Strike 0-2: Strikes out swinging
|
Bottom of the 6th over - 0 run(s), 0 hit(s), 0 error(s), 0 left on base; Trenton 17 - Detroit 3 |
TOP OF THE 7TH |
Trenton Stars batting - Pitching for Detroit X-Wings : RHP Pat Monroe
|
Batting: SHB Nick Marshall
|
0-0: Called Strike 0-1: SINGLE (Groundball, 4MD)
|
Batting: RHB Felipe Olivas
|
0-0: Called Strike 0-1: Ball 1-1: Ball 2-1: Called Strike 2-2: Ball 3-2: Foul Ball, location: 2F 3-2: Foul Ball, location: 2F 3-2: Foul Ball, location: 2F 3-2: SINGLE (Line Drive, 34) Nick Marshall to second Nick Marshall to third
|
Batting: LHB Lee Burton
|
0-0: Foul Ball, location: 2F 0-1: Fielders Choice at 2nd, 6-4 (Groundball, 6M) Nick Marshall scores
|
Pinch Hitting: RHB Ken McDonald
|
0-0: Grounds into double play, 4-6-3 (Groundball, 4)
|
Top of the 7th over - 1 run(s), 2 hit(s), 0 error(s), 0 left on base; Trenton 18 - Detroit 3 |
BOTTOM OF THE 7TH |
Detroit X-Wings batting - Pitching for Trenton Stars : RHP Bartolo Rodríguez
|
Now in RF: Jonas Uttley
|
|
Batting: LHB Juan Jose Pineda
|
0-0: Called Strike 0-1: Ball 1-1: Foul Ball, location: 2F 1-2: Ball 2-2: Foul Ball, location: 2F 2-2: Ball 3-2: Base on Balls
|
Batting: RHB Keith Sims
|
0-0: Ball 1-0: Called Strike 1-1: Foul Ball, location: 2F 1-2: Foul Ball, location: 2F 1-2: Ball 2-2: Ball 3-2: Base on Balls Juan Jose Pineda to second
|
Batting: SHB Javier Jiménez
|
0-0: Ball Wild Pitch! Juan Jose Pineda to third Keith Sims to second 1-0: Foul Ball, location: 2F 1-1: Swinging Strike 1-2: Foul Ball, location: 2F 1-2: Strikes out swinging
|
Batting: RHB Gary Witt
|
0-0: Called Strike 0-1: Ball 1-1: Ball 2-1: Foul Ball, location: 2F 2-2: Foul Ball, location: 2F 2-2: Strikes out looking
|
Batting: RHB Oliver Acevedo
|
0-0: Ball 1-0: Ball 2-0: Ball 3-0: Called Strike 3-1: Called Strike 3-2: Base on Balls
|
Batting: RHB Vincente Encarnación
|
0-0: Swinging Strike 0-1: Ball 1-1: SINGLE (Groundball, 6) (infield hit) Juan Jose Pineda scores Keith Sims to third Oliver Acevedo to second
|
Batting: RHB Júlio López
|
0-0: Ball 1-0: Called Strike 1-1: Foul Ball, location: 2F 1-2: Strikes out swinging
|
Bottom of the 7th over - 1 run(s), 1 hit(s), 0 error(s), 3 left on base; Trenton 18 - Detroit 4 |
TOP OF THE 8TH |
Trenton Stars batting - Pitching for Detroit X-Wings : RHP Pat Monroe
|
Batting: RHB Rafael Canales
|
0-0: Ball 1-0: Called Strike 1-1: Swinging Strike 1-2: SINGLE (Line Drive, 78S)
|
Batting: RHB Norris Howard
|
0-0: Ball 1-0: Ball 2-0: Ball 3-0: Base on Balls Rafael Canales to second
|
Batting: RHB Gabriel Villegas
|
0-0: Foul Ball, location: 2F 0-1: Foul Ball, location: 2F 0-2: Strikes out swinging
|
Pitching: LHP Richard Dorris
|
|
Batting: LHB Ju-wei Shiu
|
0-0: Fly out, F5 (Popup, 6S)
|
Batting: RHB José Barajas
|
0-0: Ball 1-0: Fly out, F6 (Line Drive, 6)
|
Top of the 8th over - 0 run(s), 1 hit(s), 0 error(s), 2 left on base; Trenton 18 - Detroit 4 |
BOTTOM OF THE 8TH |
Detroit X-Wings batting - Pitching for Trenton Stars : RHP Bartolo Rodríguez
|
Batting: RHB Jaime Contreras
|
0-0: Called Strike 0-1: Ball 1-1: Foul Ball, location: 2F 1-2: Strikes out swinging
|
Pitching: RHP Gilberto Martínez
|
|
Batting: LHB Juan Colón
|
0-0: Called Strike 0-1: SINGLE (Line Drive, 7LS)
|
Batting: LHB Juan Jose Pineda
|
0-0: Ball 1-0: Swinging Strike 1-1: Ball 2-1: Foul Ball, location: 2F 2-2: Foul Ball, location: 2F 2-2: Ball 3-2: Foul Ball, location: 2F 3-2: Grounds into double play, 4-6-3 (Groundball, 4)
|
Bottom of the 8th over - 0 run(s), 1 hit(s), 0 error(s), 0 left on base; Trenton 18 - Detroit 4 |
TOP OF THE 9TH |
Trenton Stars batting - Pitching for Detroit X-Wings : LHP Richard Dorris
|
Pitching: RHP Charlie Alexander
|
|
Batting: SHB Nick Marshall
|
0-0: Ball 1-0: Ball 2-0: Foul Ball, location: 2F 2-1: Ball 3-1: Foul Ball, location: 2F 3-2: Strikes out swinging
|
Batting: RHB Felipe Olivas
|
0-0: Ball 1-0: Foul Ball, location: 2F 1-1: Called Strike 1-2: Strikes out swinging
|
Batting: LHB Lee Burton
|
0-0: Ball 1-0: Fly out, F7 (Flyball, 7LS)
|
Top of the 9th over - 0 run(s), 0 hit(s), 0 error(s), 0 left on base; Trenton 18 - Detroit 4 |
BOTTOM OF THE 9TH |
Detroit X-Wings batting - Pitching for Trenton Stars : RHP Gilberto Martínez
|
Now at 1B: Joe Fisher
|
|
Now at SS: Kenji Murayama
|
|
Batting: RHB Keith Sims
|
0-0: Ground out 5-3 (Groundball, 56)
|
Batting: SHB Javier Jiménez
|
0-0: Ball 1-0: Fly out, F7 (Flyball, 7S)
|
Batting: RHB Gary Witt
|
0-0: Called Strike 0-1: Ball 1-1: Ball 2-1: Foul Ball, location: 2F 2-2: Foul Ball, location: 2F 2-2: Ball 3-2: Base on Balls
|
Batting: RHB Oliver Acevedo
|
0-0: Fielders Choice at 2nd, 5-4 (Groundball, 56)
|
Bottom of the 9th over - 0 run(s), 0 hit(s), 0 error(s), 0 left on base; Trenton 18 - Detroit 4 |
|